 Dungeon Crawl Stone Soup version 0.15.0-16-gce31824 (console) character file.

5450 gw the Cleaver (level 10, -2/92 HPs)
             Began as a Deep Dwarf Gladiator on Sept 6, 2014.
             Was a Follower of Makhleb.
             Slain by porpoise's ghost (5 damage)
             ... on Level 10 of the Dungeon.
             The game lasted 00:07:21 (9380 turns).

gw the Cleaver (Deep Dwarf Gladiator)               Turns: 9380, Time: 00:07:21

HP  -2/92        AC 19     Str 19      XL: 10   Next: 41%
MP   9/9         EV  6     Int  9      God: Makhleb [*.....]
Gold 0           SH  0     Dex 19      Spells:  0 memorised,  9 levels left

rFire  + . .     SeeInvis .     a - +1 war axe
rCold  . . .     Clarity  .     t - +0 plate armour
rNeg   . . .     rCorr    .     (no shield)
rPois  .         rRot     .     c - +0 helmet
rElec  .         Spirit   .     (no cloak)
SustAb .         Warding  .     x - +0 pair of gloves
rMut   +         Stasis   .     m - +2 pair of boots
Gourm  .                        s - amulet of resist mutation
MR     +....                    u - +3 ring of dexterity
                                n - ring of protection from fire

@: non-regenerating, somewhat resistant to hostile enchantments, extremely
unstealthy
A: damage resistance, recharge devices, sense surroundings 2, slow healing 3
a: Device Recharging, Renounce Religion


You were on level 10 of the Dungeon.
You worshipped Makhleb.
Makhleb was aware of your devotion.
You were not hungry.

You visited 2 branches of the dungeon, and saw 11 of its levels.

Inventory:

Hand weapons
 a - a +1 war axe (weapon)
Missiles
 d - 4 throwing nets
 g - 190 stones (quivered)
 i - 8 javelins
 j - 3 poisoned javelins
 v - 14 tomahawks
Armour
 c - a +0 helmet (worn)
 m - a +2 pair of boots (worn)
 t - a +0 plate armour (worn)
 x - a +0 pair of gloves (worn)
Magical devices
 b - a wand of paralysis (11)
 e - a wand of heal wounds (0)
 y - a wand of slowing (6)
 z - a wand of polymorph (8)
 A - a wand of fireball (6) {unknown}
Comestibles
 f - 7 bread rations
 p - 9 meat rations
 q - 2 fruits
 r - 2 beef jerkies
 w - a royal jelly
Scrolls
 h - 4 scrolls of remove curse
 o - 8 scrolls of identify
Jewellery
 n - a ring of protection from fire (left hand)
 s - an amulet of resist mutation (around neck)
 u - a +3 ring of dexterity (right hand)
Potions
 k - 2 potions of haste
 l - 3 potions of curing


   Skills:
 + Level 6.3 Fighting
 * Level 11.0 Axes
 + Level 6.1 Throwing
 + Level 7.3 Armour
 - Level 3.2 Dodging
 + Level 5.1 Invocations


You had 9 spell levels left.
You didn't know any spells.

Dungeon Overview and Level Annotations

Branches:
Dungeon (10/15)            Temple (1/1) D:6            Lair (0/8) D:8
    Orc: D:9-12

Altars:
Ashenzari
Cheibriados
Dithmenos
Elyvilon
Fedhas
Kikubaaqudgha
Makhleb
Nemelex Xobeh
Okawaru
Qazlal
Sif Muna
Trog
Vehumet
Xom
Yredelemnul
Zin
The Shining One

Shops:
D:9 [

Annotations:
D:6 exclusion: 2 downstairs
D:8 exclusion: downstairs
D:10 porpoise's ghost, powerful GrFi


Innate Abilities, Weirdness & Mutations

You are resistant to damage.
You can recharge devices by infusing magical energy.
You passively map the area around you.
You do not heal naturally.


Message History

You closely miss something. You slash the warg!
You kill the warg!
Makhleb accepts your kill. Something hits you but does no damage.
The orc hits you from afar with a trident.
The hill giant hits you with a giant club.
Porpoise's ghost hits you. Something hits you but does no damage.
The orc hits you but does no damage.
Porpoise's ghost hits you but does no damage.
The hill giant hits you with a giant club.
Something hits you but does no damage. The orc hits you but does no damage.
Porpoise's ghost hits you! Something hits you but does no damage.
The hill giant hits you with a giant club!!
Porpoise's ghost hits you but does no damage.
The orc hits you but does no damage. Something hits you but does no damage.
The hill giant hits you with a giant club!
Porpoise's ghost hits you!
You die...

* , ,. . ,., , .. .#
#... ,###..*.# ....,
, , .... .# ....,,,
... .#.*.# .....,,
..##..#.### #....,
..#.#..#...# .##..
*#.#..)#...# ##.#.,
.##....g[..# #.#.# *
.#.#..Z{WC..# .#.# .
#.#....o....#
..##....##..........#
.................####
.................#
..##....##.......#
.#.# ., #.#.....##
#.#.####.#.#..ยค.#


You could see a hill giant, porpoise's ghost, an orc and an iguana skeleton.

Table legend:
 A = Turns spent in this place as a percentage of turns spent in the entire game.
 B = Non-inter-level travel turns spent in this place as a percentage of non-inter-level travel turns spent in the entire game.
 C = Inter-level travel turns spent in this place as a percentage of turns spent in this place.
 D = Turns resting spent in this place as a percentage of non-inter-level travel turns spent in this place.
 E = Turns spent auto-exploring this place as a percentage of non-inter-level travel turns spent in this place.
 F = Non-inter-level travel turns spent in this place divided by the number of levels of this place that you've seen.
                   A       B       C       D       E      F
               +-------+-------+-------+-------+-------+----------------------
         Total | 100.0 | 100.0 |   1.2 |   0.2 |  13.4 | 323.3
       Dungeon |  99.3 |  99.4 |   1.2 |   0.2 |  13.2 | 353.3
        Temple |   0.7 |   0.6 |   4.2 |   0.0 |  47.8 |  23.0
               +-------+-------+-------+-------+-------+----------------------

Table legend:
 A = Kills in this place as a percentage of kills in entire the game.
 B = Kills by you in this place as a percentage of kills by you in the entire game.
 C = Kills by friends in this place as a percentage of kills by friends in the entire game.
 D = Other kills in this place as a percentage of other kills in the entire game.
 E = Experience gained in this place as a percentage of experience gained in the entire game.
 F = Experience gained in this place divided by the number of levels of this place that you have seen.
                   A       B       C       D       E      F
               +-------+-------+-------+-------+-------+----------------------
         Total | 100.0 | 100.0 |  -nan |  -nan | 100.0 | 707.9
       Dungeon | 100.0 | 100.0 |  -nan |  -nan | 100.0 | 778.7
               +-------+-------+-------+-------+-------+----------------------

Vanquished Creatures
  An item mimic (D:9)
  Psyche (D:9)
  3 wraiths
  3 yaks
  A hippogriff (D:9)
  A hungry ghost (D:8)
  A warg (D:10)
  Menkaure (D:7)
  A water moccasin (D:7)
  A sky beast (D:7)
  A necrophage (D:7)
  2 ice beasts
  2 orc warriors
  3 centaurs
  2 ogres
  Sigmund (D:3)
  An elf zombie (D:8)
  2 giant frogs (D:9)
  Blork the orc (D:4)
  3 scorpions
  A troll zombie (D:10)
  3 wights (D:8)
  5 crimson imps
  A yellow wasp zombie (D:7)
  A two-headed ogre zombie (D:7)
  2 giant frog skeletons (D:4)
  A goliath beetle (D:6)
  6 hounds
  9 orc wizards
  2 iguanas
  4 human zombies (D:8)
  A jelly (D:10)
  7 orc priests
  6 worker ants
  A killer bee zombie (D:10)
  Ijyb (D:2)
  Jessica (D:3)
  A hound zombie (D:5)
  6 gnolls
  12 adders
  A giant mite (D:7)
  A shadow imp (D:7)
  2 worms (D:4)
  An ooze (D:1)
  32 orcs
  A bat skeleton (D:8)
  27 hobgoblins
  12 jackals
  13 kobolds
  4 quokkas
  10 bats
  5 giant cockroaches
  3 giant newts
  15 goblins
  A hobgoblin skeleton (D:9)
  2 kobold skeletons
  4 orc zombies
  A quokka skeleton (D:5)
  16 rats
  A rat skeleton (D:6)
255 creatures vanquished.

Notes
Turn   | Place    | Note
--------------------------------------------------------------
     0 | D:1      | gw, the Deep Dwarf Gladiator, began the quest for the Orb.
     0 | D:1      | Reached XP level 1. HP: 19/19 MP: 1/1
   381 | D:1      | Reached XP level 2. HP: 16/26 MP: 2/2
   529 | D:2      | Noticed Ijyb
   571 | D:2      | Killed Ijyb
   571 | D:2      | Reached skill level 4 in Axes
   571 | D:2      | Reached XP level 3. HP: 14/32 MP: 3/3
   722 | D:2      | Reached skill level 1 in Armour
   883 | D:2      | Reached XP level 4. HP: 18/39 MP: 4/4
  1259 | D:3      | Noticed Sigmund
  1265 | D:3      | Noticed Jessica
  1274 | D:3      | Killed Jessica
  1496 | D:3      | Reached skill level 5 in Axes
  1496 | D:3      | Reached XP level 5. HP: 29/46 MP: 5/5
  1579 | D:3      | Killed Sigmund
  2012 | D:4      | Noticed Blork the orc
  2025 | D:4      | Killed Blork the orc
  2025 | D:4      | Reached XP level 6. HP: 28/56 MP: 6/6
  2110 | D:4      | Noticed an ogre
  2117 | D:4      | Killed an ogre
  2117 | D:4      | Reached skill level 6 in Axes
  2267 | D:4      | Noticed an ice beast
  2276 | D:4      | Killed an ice beast
  2276 | D:4      | Reached XP level 7. HP: 29/62 MP: 6/6
  2326 | D:4      | Noticed a phantom
  3078 | D:4      | Found a glowing golden altar of the Shining One.
  3318 | D:5      | Entered Level 5 of the Dungeon
  3491 | D:5      | Reached skill level 7 in Axes
  3782 | D:5      | Reached XP level 8. HP: 34/72 MP: 5/5
  3963 | D:5      | Found a basalt altar of Yredelemnul.
  4227 | D:6      | Reached skill level 5 in Armour
  4348 | D:6      | Reached skill level 8 in Axes
  4736 | D:6      | Found a staircase to the Ecumenical Temple.
  4742 | Temple   | Entered the Ecumenical Temple
  5497 | D:7      | Found a deep blue altar of Sif Muna.
  6096 | D:7      | Found a burning altar of Makhleb.
  6274 | D:7      | Became a worshipper of Makhleb the Destroyer
  6348 | D:7      | Reached skill level 5 in Fighting
  6362 | D:7      | Noticed Menkaure
  6375 | D:7      | Killed Menkaure
  6375 | D:7      | Gained mutation: You passively map the area around you. [level up]
  6375 | D:7      | Reached XP level 9. HP: 49/81 MP: 5/5
  6514 | D:7      | Reached skill level 9 in Axes
  6514 | D:7      | Reached skill level 5 in Throwing
  6514 | D:7      | Reached skill level 1 in Invocations
  6837 | D:8      | Found a bloodstained altar of Trog.
  6887 | D:8      | Found a staircase to the Lair.
  7306 | D:8      | Found an ancient bone altar of Kikubaaqudgha.
  7354 | D:8      | Acquired Makhleb's first power
  7383 | D:8      | Reached skill level 10 in Axes
  8066 | D:9      | Killed a meat ration mimic
  8118 | D:8      | Reached XP level 10. HP: 35/91 MP: 9/9
  8349 | D:9      | Noticed Psyche
  8360 | D:9      | Killed Psyche
  8566 | D:9      | Found Skucwut's Antique Armour Emporium.
  9111 | D:9      | Reached skill level 5 in Invocations
  9178 | D:10     | Entered Level 10 of the Dungeon
  9282 | D:10     | Reached skill level 11 in Axes
  9307 | D:10     | Noticed a hill giant
  9335 | D:10     | Noticed porpoise's ghost (powerful GrFi)
  9380 | D:10     | HP: 3/92 [hill giant/giant club (6)]
  9380 | D:10     | Slain by porpoise's ghost

Action                   |  1- 3 |  4- 6 |  7- 9 | 10-12 || total
-------------------------+-------+-------+-------+-------++-------
Melee: War axe           |   101 |   103 |   591 |   141 ||   936
Throw: Stone             |    54 |    80 |   276 |    50 ||   460
 Abil: Device Recharging |       |     1 |     7 |     1 ||     9
Evoke: Wand              |     1 |     4 |    29 |    11 ||    45
  Use: Scroll            |     6 |     1 |     7 |     2 ||    16
       Potion            |     1 |     6 |     7 |     1 ||    15
 Stab: Distracted        |       |     1 |       |       ||     1
  Eat: Chunk             |       |     5 |    16 |     2 ||    23
       Bread ration      |       |       |     1 |     1 ||     2

Vault maps used:
D:1:      sevenhm_arrival_forest_fort_large_2
D:2:      uniq_iyjb
D:3:      kennysheep_decorative_pillar, uniq_sigmund, uniq_jessica
D:4:      corexii_shack_village, kennysheep_mini_moat, first_bread,
          uniq_blork_the_orc
D:5:      basic_altar, hangedman_abyss_or_decor_lesser_grid
D:6:      minmay_temple_entry_enclosed_plants, minmay_misc_feat_enclosed
D:7:      lemuel_round_altar, lemuel_blue_sif_altar, uniq_menkaure
D:8:      lightli_temple_of_fire, lemuel_mausoleum_altar_kikubaaqudgha
D:9:      serial_shops, nicolae_shop_waterfront, uniq_psyche
D:10:     hangedman_cross_veins, david_orc_3, blue_anna_alchemist,
          minmay_misc_feat_secret_circle
Temple:   eino_temple_water_12
